 Dungeon Crawl Stone Soup version 0.29.1-15-g9cfb28693d (webtiles) character file.

Game seed: 17726895138624857110

2656 safid the Frost Mage (level 9, 0/74 HPs)
             Began as a Merfolk Ice Elementalist on Apr 17, 2023.
             Was a Follower of Vehumet.
             Slain by a skeletal warrior
             ... wielding a +0 glaive
              (16 damage)
             ... on level 8 of the Dungeon.
             The game lasted 00:17:00 (9010 turns).

safid the Frost Mage (Merfolk Ice Elementalist)     Turns: 9010, Time: 00:17:00

Health: 0/74       AC: 12    Str:  9    XL:     9   Next: 62%
Magic:  8/19       EV: 12    Int: 18    God:    Vehumet [*.....]
Gold:   330        SH:  5    Dex: 14    Spells: 8/22 levels left

rFire   + . .      SeeInvis .   w - +9 whip "Killer Bee's Doom" {chaos, rElec rPois rN+}
rCold   . . .      Faith    .   (no shield)
rNeg    + . .      Spirit   .   a - +0 robe
rPois   +          Reflect  +   (no helmet)
rElec   +          Harm     .   c - +0 cloak
rCorr   .          Rampage  .   (no gloves)
Will    .....                   u - +0 pair of boots
Stlth   ++........              h - amulet of reflection
HPRegen 0.22/turn               m - +4 ring of slaying
MPRegen 0.16/turn               n - ring of protection from fire

@: ice-armoured, freezing walls
A: (nimble swimmer 2), mertail
a: Renounce Religion


You were on level 8 of the Dungeon.
You worshipped Vehumet.
Vehumet was aware of your devotion.
You visited 2 branches of the dungeon, and saw 9 of its levels.

You collected 330 gold pieces.

Inventory:

Hand Weapons
 w - the +9 whip "Killer Bee's Doom" (weapon) {chaos, rElec rPois rN+}
   (You found it on level 6 of the Dungeon)

   Each time it hits an enemy it has a different, random effect.
   rElec:     It insulates you from electricity.
   rPois:     It protects you from poison.
   rN:        It protects you from negative energy.
 x - the +1 rapier "Ohut" {vorpal, Str-2 Int+10 Dex+2}
   (You found it on level 6 of the Dungeon)

   It inflicts extra damage upon your enemies.
   Str:       It affects your strength (-2).
   Int:       It affects your intelligence (+10).
   Dex:       It affects your dexterity (+2).
Missiles
 v - 2 throwing nets
Armour
 a - a +0 robe (worn)
 c - a +0 cloak (worn)
 u - a +0 pair of boots (worn)
Jewellery
 h - an amulet of reflection (around neck)
 m - a +4 ring of slaying (left hand)
 n - a ring of protection from fire (right hand)
Wands
 o - a wand of flame (20)
 q - a wand of mindburst (2)
Scrolls
 e - 5 scrolls of teleportation
 f - 2 scrolls of fear
 g - 4 scrolls of butterflies
 r - 2 scrolls of amnesia {unknown}
 A - a scroll of silence
Potions
 b - a potion of ambrosia {unknown}
 d - a potion of mutation {unknown}
 i - a potion of berserk rage {unknown}
 j - 2 potions of curing {unknown}
 k - a potion of flight {unknown}
 l - 2 potions of attraction {unknown}
 p - a potion of haste {unknown}
 s - a potion of magic
 t - 2 potions of heal wounds
 z - a potion of brilliance {unknown}


   Skills:
 - Level 8.0 Fighting
 - Level 2.6 Dodging
 - Level 2.1 Stealth
 + Level 7.1 Spellcasting
 + Level 9.3 Ice Magic


You had 8 spell levels left.
You knew the following spells:

 Your Spells              Type           Power      Damage    Failure   Level
a - Freeze                Ice            100%       1d11      1%          1
b - Frozen Ramparts       Ice            78%        1d12      1%          3
c - Ozocubu's Armour      Ice            39%        N/A       1%          3
d - Ozocubu's Refrigerat  Ice            19%        4d11      89%         7

Your spell library contained the following spells:

 Spells                   Type           Power      Damage    Failure   Level
 Magic Dart               Conj           24%        1d4       11%         1
 Beastly Appendage        Tmut           12%        N/A       11%         1
 Sandblast                Erth           12%        2d6       11%         1
 Passwall                 Tmut/Erth      5%         N/A       16%         2
 Static Discharge         Conj/Air       6%         3-4/arc   16%         2
 Wereblood                Tmut           6%         N/A       16%         2
 Hailstorm                Conj/Ice       23%        3d7       16%         4
 Spider Form              Tmut/Pois      6%         N/A       32%         3
 Stone Arrow              Conj/Erth      12%        3d7       32%         3
 Leda's Liquefaction      Hex/Erth       3%         N/A       71%         4
 Olgreb's Toxic Radiance  Pois           6%         N/A       71%         4
 Lee's Rapid Deconstruct  Erth           3%         3d6*      96%         5
 Lightning Bolt           Conj/Air       3%         1d14      96%         5
 Statue Form              Tmut/Erth      4%         N/A       100%        6
 Ignition                 Fire           3%         3d4       100%        8
 Maxwell's Capacitive Co  Air            3%         ∞         100%        8


Dungeon Overview and Level Annotations

Branches:
Dungeon (8/15)             Temple (1/1) D:6
   Lair: D:8-11

Altars:
Cheibriados
Dithmenos
Elyvilon
Fedhas
Hepliaklqana
Kikubaaqudgha
Nemelex Xobeh
Okawaru
Qazlal
Sif Muna
Trog
Uskayaw
Vehumet
Xom
Yredelemnul
Zin
The Shining One

Annotations:
D:5 Grinder


Innate Abilities, Weirdness & Mutations

((You are very nimble when in or above water. (Stealth+, EV+, Speed+++)))
Your lower body shifts to a powerful aquatic tail in water.


Message History

Your icy armour and frozen ramparts will break if you move.
Continue?
Your icy armour cracks and falls away as you move.
The frozen ramparts melt away as you move.
A skeletal warrior comes into view. It is wielding a +0 glaive.
The skeletal warrior hits you with a +0 glaive!!
Casting: Ozocubu's Armour (safe; 1% risk of failure)
Confirm with . or Enter, or press ? or * to list all spells.
Casting: Frozen Ramparts (safe; 1% risk of failure)
Press: ? - help, Dir - look around, f - activate The walls around you are covered in ice.
The wall freezes the skeletal warrior but does no damage.
The skeletal warrior barely misses you.
Unknown command.
Casting: Frozen Ramparts (safe; 1% risk of failure)
Confirm with . or Enter, or press ? or * to list all spells.
A film of ice covers your body!
The wall freezes the skeletal warrior but does no damage.
The skeletal warrior hits you with a +0 glaive!
The wall freezes the skeletal warrior but does no damage.
The skeletal warrior hits you with a +0 glaive!
Unknown command.
You hit the skeletal warrior.
Lightning courses through the skeletal warrior!
The skeletal warrior is moderately damaged.
The wall freezes the skeletal warrior but does no damage.
The skeletal warrior resists.
The wall freezes the skeletal warrior.
The skeletal warrior hits you with a +0 glaive!!
* * * LOW HITPOINT WARNING * * *
Unknown command.
Okay, then.
It was a potion of heal wounds.
You feel much better.
The skeletal warrior resists.
The wall freezes the skeletal warrior.
The skeletal warrior barely misses you.
The wall freezes the skeletal warrior but does no damage.
The skeletal warrior hits you with a +0 glaive!
* * * LOW HITPOINT WARNING * * *
Your icy armour and frozen ramparts will break if you move.
Continue?
The skeletal warrior attacks as you move away!
The skeletal warrior hits you with a +0 glaive!
You die...

.#. ... #.# #.#
#.# #.# #.# #.# .
#.# #z# ##. #.#
#z# #.. #.# #@#
#.# #.# #.# #.#
#.#####.# #<#
#.......#
#.########..####.#
............# #.#
#..########.# #.#
#..# #.# #.# #..#
#.# #.######


You could see 2 skeletal warriors.

Vanquished Creatures
  A hornet (D:8)
  Sigmund (D:2)
  A wyvern (D:8)
  A steam dragon (D:8)
  An ice beast (D:6)
  A black bear (D:7)
  A sky beast (D:8)
  An ogre (D:6)
  A centaur (D:6)
  3 kobold brigands
  3 bullfrogs
  A gnoll sergeant (D:7)
  4 scorpions
  A howler monkey (D:8)
  4 hounds
  4 jellies
  An orc priest (D:8)
  2 gnoll boudas
  2 iguanas (D:4)
  4 orc wizards
  18 gnolls
  11 adders
  2 white imps (D:8)
  3 worms
  2 dart slugs
  13 orcs
  2 ball pythons (D:2)
  8 endoplasms
  3 giant cockroaches
  8 goblins
  4 hobgoblins
  10 jackals
  A quokka (D:3)
  8 bats
  16 kobolds
  4 rats
151 creatures vanquished.

Notes
Turn   | Place    | Note
-------+----------+-------------------------------------------
     0 | D:1      | safid the Merfolk Ice Elementalist began the quest for the
                  | Orb.
     0 | D:1      | Reached XP level 1. HP: 13/13 MP: 3/3
   253 | D:1      | Reached XP level 2. HP: 6/20 MP: 0/5
   555 | D:1      | Reached skill level 1 in Fighting
   645 | D:1      | Reached XP level 3. HP: 25/26 MP: 0/6
   860 | D:1      | Learned a level 3 spell: Frozen Ramparts
   864 | D:1      | Learned a level 3 spell: Ozocubu's Armour
  1613 | D:2      | Reached skill level 5 in Ice Magic
  1613 | D:2      | Reached XP level 4. HP: 32/33 MP: 3/8
  2119 | D:2      | Found a faded altar of an unknown god.
  2164 | D:2      | Noticed Sigmund
  2188 | D:2      | Killed Sigmund
  2189 | D:2      | Reached XP level 5. HP: 17/41 MP: 5/10
  2189 | D:2      | Reached XP level 6. HP: 20/47 MP: 5/11
  4010 | D:4      | Reached skill level 6 in Ice Magic
  4458 | D:5      | Entered Level 5 of the Dungeon
  4627 | D:5      | Reached XP level 7. HP: 51/54 MP: 9/13
  4660 | D:5      | Noticed Grinder
  5534 | D:6      | Identified the +9 whip "Killer Bee's Doom" {chaos, rElec
                  | rPois rN+}
  5545 | D:6      | Identified the +1 rapier "Ohut" {vorpal, Str-2 Int+10
                  | Dex+2}
  5970 | D:6      | Reached skill level 5 in Fighting
  6158 | D:6      | Reached skill level 5 in Spellcasting
  6158 | D:6      | Reached skill level 7 in Ice Magic
  6158 | D:6      | Reached XP level 8. HP: 62/62 MP: 11/15
  6243 | D:6      | Found a staircase to the Ecumenical Temple.
  6289 | Temple   | Entered the Ecumenical Temple
  6381 | Temple   | Became a worshipper of Vehumet
  7499 | D:7      | Reached skill level 8 in Ice Magic
  7560 | D:7      | Learned a level 7 spell: Ozocubu's Refrigeration
  7780 | D:7      | Reached XP level 9. HP: 47/71 MP: 18/18
  7786 | D:7      | Reached * piety under Vehumet
  7786 | D:7      | Offered knowledge of Magic Dart by Vehumet.
  8224 | D:8      | Noticed a hornet
  8234 | D:8      | Killed a hornet
  8672 | D:8      | Reached skill level 9 in Ice Magic
  8998 | D:8      | Noticed a skeletal warrior
  9004 | D:8      | Noticed a skeletal warrior
  9008 | D:8      | HP: 3/74 [skeletal warrior/+0 glaive (20)]
  9010 | D:8      | Slain by a skeletal warrior

Illustrated notes

Levels and vault maps discovered:
D:1:      minmay_arrival_jagged, layout_loops_ring
D:2:      layout_basic, shapermc_ecumenical_altar_hornbeckon, uniq_sigmund
D:3:      layout_basic
D:4:      layout_loops_cross
D:5:      layout_rooms, uniq_grinder
D:6:      layout_loops_corners, minmay_temple_entry_waves
D:7:      layout_gridville
D:8:      layout_loops_ring, minitemple, minmay_fractal_squares_diagonal_5
Temple:   minmay_crystal_spiral_temple

Skill      XL: |  1  2  3  4  5  6  7  8  9 |
---------------+----------------------------+-----
Fighting       | 1 2 3 4 5 6 8 |  8.0
Ice Magic      | 5 6 7 8 9 |  9.3
Spellcasting   | 3 4 5 6 7 |  7.1
Dodging        | |  2.6
Stealth        | |  2.1

Action                   |  1- 3 |  4- 6 |  7- 9 || total
-------------------------+-------+-------+-------++-------
Melee: Mace              |    56 |    64 |    11 ||   131
       Whip              |       |       |    87 ||    87
       Punch             |       |       |     1 ||     1
 Cast: Freeze            |    39 |    18 |     4 ||    61
       Frozen Ramparts   |       |    18 |    35 ||    53
       Ozocubu's Armour  |       |     2 |    15 ||    17
  Use: Potion            |       |     1 |     1 ||     2
       Scroll            |       |       |     7 ||     7
 Stab: Sleeping          |     4 |     3 |     2 ||     9
Armor: Robe              |    29 |    14 |    35 ||    78
Dodge: Dodged            |    87 |    58 |    70 ||   215
Block: Other             |     4 |    18 |    36 ||    58
       Reflection        |       |     1 |     4 ||     5
